 Dungeon Crawl Stone Soup version 0.27-a0-681-g0c81a3c1c3 (webtiles) character file.

Game seed: 8774107873251120386

56 jestyr24 the Conjurer (level 3, -5/19 HPs)
             Began as a Deep Elf Conjurer on Mar 19, 2021.
             Slain by a gnoll
             ... wielding a +0 spear
              (6 damage)
             ... on level 2 of the Dungeon.
             The game lasted 00:08:38 (1526 turns).

jestyr24 the Conjurer (Deep Elf Conjurer)           Turns: 1526, Time: 00:08:40

Health: -5/19      AC:  2    Str:  4    XL:     3   Next: 71%
Magic:  10/10      EV: 16    Int: 29    God:
Gold:   9          SH:  0    Dex: 13    Spells: 6/9 levels left

rFire    . . .     SeeInvis .   e - +2 war axe (freeze)
rCold    . . .     Faith    .   (no shield)
rNeg     . . .     Spirit   .   a - +0 robe
rPois    .         Reflect  .   (no helmet)
rElec    .         Harm     .   (no cloak)
rCorr    .         Rampage  .   (no gloves)
Will     .....                  (no boots)
Stlth    ++........             (no amulet)
HPRegen  0.06/turn              b - +6 ring of intelligence
MPRegen  0.12/turn              h - +4 ring of evasion

@: no status effects
A: no striking features
a: no special abilities


You were on level 2 of the Dungeon.
You visited 1 branch of the dungeon, and saw 2 of its levels.

You collected 9 gold pieces.

Inventory:

Hand Weapons
 e - a +2 war axe of freezing (weapon)
 l - a +3 whip
 m - a +0 dagger of pain
Missiles
 c - 91 stones
 k - 14 poisoned darts
Armour
 a - a +0 robe (worn)
Jewellery
 b - a +6 ring of intelligence (right hand)
 h - a +4 ring of evasion (left hand)
Scrolls
 d - 2 scrolls of fear {unknown}
 f - a scroll of amnesia {unknown}
 i - a scroll of fog {unknown}
Potions
 g - a potion of berserk rage {unknown}
 j - a potion of lignification {unknown}
 n - a potion of heal wounds {unknown}
 o - a potion of flight {unknown}
 p - a potion of degeneration {unknown}


   Skills:
 + Level 2.5 Dodging
 + Level 2.7 Stealth
 + Level 3.7 Spellcasting
 + Level 5.5 Conjurations


You had 6 spell levels left.
You knew the following spells:

 Your Spells              Type           Power      Damage    Failure   Level
a - Magic Dart            Conj           100%       1d8       1%          1
b - Searing Ray           Conj           74%        3d6       1%          2

Your spell library contained the following spells:

 Spells                   Type           Power      Damage    Failure   Level
 Dazzling Flash           Conj/Hex       42%        N/A       7%          3
 Fulminant Prism          Conj/Hex       10%        3d9       22%         4
 Iskenderun's Mystic Bla  Conj/Tloc      21%        2d6       22%         4


Dungeon Overview and Level Annotations

Branches:
Dungeon (2/15)

Altars:


Message History

You see here a goblin corpse.
A ball python comes into view.
The helpless ball python fails to defend itself.
You slash the ball python! You freeze the ball python.
You kill the ball python!
You see here a ball python corpse.
A goblin and 2 gnolls come into view.
The gnoll shouts!
You hear a shout!
The gnoll moves out of view.
A gnoll comes into view. It is wielding a +0 halberd.
The goblin wields a +0 hunting sling.
The goblin shoots a stone.
The stone barely misses you.
A gnoll comes into view. It is wielding a +0 halberd.
The goblin shoots a stone.
The stone misses you.
The goblin unwields a +0 hunting sling.
The goblin closely misses you.
You barely miss the goblin.
The gnoll shouts!
The goblin barely misses you.
You closely miss the goblin. The gnoll barely misses you.
The goblin closely misses you. The gnoll closely misses you.
The goblin completely misses you.
You slash the goblin! You freeze the goblin.
You kill the goblin!
The gnoll closely misses you. The gnoll misses you.
The gnoll barely misses you.
Things that are here:
a +0 hunting sling; 22 stones; a goblin corpse You hit the gnoll.
You freeze the gnoll.
The gnoll is lightly wounded.
The gnoll misses you.
The gnoll hits you from afar with a +0 spear!
Ouch! That really hurt!
The gnoll misses you.
You barely miss the gnoll.
The gnoll is lightly wounded.
The gnoll hits you from afar with a +0 spear.
* * * LOW HITPOINT WARNING * * *
The gnoll misses you.
The gnoll hits you from afar with a +0 spear.
You die...

...##########
.#
#.gggg@....#
.#
##########.#
.. #.# .# #.#
.# ########.#
.# .......†.#
.#####
#######..#
..#.. #..#
#.#.# ###..#


You could see 4 gnolls.

Vanquished Creatures
  An ooze (D:1)
  A dart slug (D:1)
  2 leopard geckos (D:1)
  2 giant cockroaches (D:1)
  8 goblins
  4 hobgoblins
  4 jackals (D:1)
  3 ball pythons
  5 bats (D:1)
  5 frilled lizards
  6 kobolds
  6 rats
47 creatures vanquished.

Notes
Turn   | Place    | Note
-------+----------+-------------------------------------------
     0 | D:1      | jestyr24 the Deep Elf Conjurer began the quest for the Orb.
     0 | D:1      | Reached XP level 1. HP: 10/10 MP: 6/6
   143 | D:1      | Reached XP level 2. HP: 15/15 MP: 1/8
   238 | D:1      | Learned a level 2 spell: Searing Ray
   282 | D:1      | Reached skill level 5 in Conjurations
   485 | D:1      | Reached XP level 3. HP: 9/19 MP: 6/10
  1526 | D:2      | Slain by a gnoll

Illustrated notes

Levels and vault maps discovered:
D:1:      ebering_hopf_link, layout_loops_ring
D:2:      layout_loops_ring, nicolae_qazlal_scattered_showers,
          small_statue_intersection

Skill      XL: |  1  2 |
---------------+-------+-----
Conjurations   | 5 |  5.5
Dodging        | |  2.5
Stealth        | |  2.7
Spellcasting   | |  3.7

Action                   || total
-------------------------++-------
Melee: War axe           ||    46
 Cast: Magic Dart        ||    38
       Searing Ray       ||     2
 Stab: Sleeping          ||     3
Armor: Robe              ||     8
Dodge: Dodged            ||    53

Table legend: (Time is in decaauts)
 A = Elapsed time spent in this place.
 B = Non-inter-level travel time spent in this place.
 C = Inter-level travel time spent in this place.
 D = Time resting spent in this place.
 E = Time spent auto-exploring this place.
 F = Levels seen in this place.
 G = Mean time per level.
                   A        B        C        D        E       F      G
               +--------+--------+--------+--------+--------+-----+--------+
         Total |   1546 |   1532 |     14 |    262 |    957 |   2 |  773.0 |
       Dungeon |   1546 |   1532 |     14 |    262 |    957 |   2 |  773.0 |
               +--------+--------+--------+--------+--------+-----+--------+

Top non-repeatable levels by time:
     D:1: 1342 daAuts
     D:2: 204 daAuts
